 Dungeon Crawl Stone Soup version 0.29-a0-234-g0dae59b3db (webtiles) character file.

Game seed: 1409277926996878596

90 spaghetti the Skirmisher (level 4, 0/38 HPs)
             Began as a Mummy Hunter on Mar 3, 2022.
             Slain by Sigmund
             ... wielding a +3 scythe of flaming
              (11 damage)
             ... on level 2 of the Dungeon.
             The game lasted 00:02:20 (1558 turns).

spaghetti the Skirmisher (Mummy Hunter)             Turns: 1558, Time: 00:02:21

Health: 0/38       AC:  5    Str: 17    XL:     4   Next: 32%
Magic:  4/4        EV: 11    Int: 10    God:
Gold:   57         SH:  0    Dex: 12    Spells: 3/3 levels left

rFire   x . .      SeeInvis .   a - +1 hand crossbow {crossbow}
rCold   + . .      Faith    .   (no shield)
rNeg    + + +      Spirit   .   b - +1 leather armour
rPois   ∞          Reflect  .   h - +0 helmet
rElec   .          Harm     .   (no cloak)
rCorr   .          Rampage  .   (no gloves)
Will    .....                   (no boots)
Stlth   +.........              (no amulet)
HPRegen 0.12/turn               (no ring)
MPRegen 0.09/turn               (no ring)

@: no status effects
A: cold resistance 1, negative energy resistance 3, torment resistance 2, heat
vulnerability 1, in touch with death 1, no potions
a: no special abilities


You were on level 2 of the Dungeon.
You visited 1 branch of the dungeon, and saw 2 of its levels.

You collected 57 gold pieces.


Innate Abilities, Weirdness & Mutations

You are immune to poison.
Your flesh is cold resistant. (rC+)
You are immune to negative energy. (rN+++)
You are immune to unholy pain and torment.
You are vulnerable to heat. (rF-)
You are in touch with the powers of death.
You do not drink.


   Skills:
 + Level 4.6 Fighting
 - Level 3.2 Crossbows
 - Level 1.5 Dodging
 - Level 0.7 Stealth


You had 3 spell levels left.
You didn't know any spells.
Your spell library was empty.

Inventory:

Hand Weapons
 a - a +1 hand crossbow (weapon) {crossbow}
Missiles
 c - 54 stones {throwing}
Armour
 b - a +1 leather armour (worn)
 h - a +0 helmet (worn)
   (You found it on level 2 of the Dungeon)
Scrolls
 e - a scroll of enchant armour
 f - a scroll of noise {!r}
 g - 2 scrolls of identify {@r1}
 i - a scroll of enchant weapon

Dungeon Overview and Level Annotations

Branches:
Dungeon (2/15)

Altars:

Annotations:
D:2 Sigmund

#>.........................
#.########################.
#.#........# #.
#.#........# #.
#.#........# #.
#.#........# #.
#.#.......§# #.
#.#.....§§§# #.
#.#.....§§@#####
#.'.....)§§§{.....
###........#######
########## #


There were no monsters in sight!


Message History

You shoot a bolt. The bolt closely misses the hobgoblin.
The bolt barely misses the goblin.
The hobgoblin closely misses you.
The hobgoblin misses you. 😨 HP[+1] Shoot: a) +1 hand crossbow {crossbow}
Press: ? - help, Q - select action, (/) - cycle Shift-Dir - straight line, f/p - hobgoblin
Aim: a hobgoblin (63% to hit)
You shoot a bolt. The bolt hits the hobgoblin.
The hobgoblin closely misses you.
Shoot: a) +1 hand crossbow {crossbow}
Press: ? - help, Q - select action, (/) - cycle Shift-Dir - straight line, f/p - hobgoblin
Aim: a hobgoblin (almost dead, 63% to hit)
You shoot a bolt. The bolt barely misses the hobgoblin.
The bolt barely misses the goblin.
The hobgoblin closely misses you.
The hobgoblin hits you but does no damage.
Shoot: a) +1 hand crossbow {crossbow}
Press: ? - help, Q - select action, (/) - cycle Shift-Dir - straight line, f/p - hobgoblin
Aim: a hobgoblin (almost dead, 63% to hit)
You shoot a bolt. The bolt hits the hobgoblin.
You kill the hobgoblin!
Shoot: a) +1 hand crossbow {crossbow}
Press: ? - help, Q - select action, (/) - cycle Shift-Dir - straight line, f - goblin
Aim: a goblin, wielding a +0 club (severely wounded, 56% to hit)
You shoot a bolt. The bolt hits the goblin!
You kill the goblin!
You start resting.
Things that are here:
a +0 club {mace}; a goblin corpse; a hobgoblin corpse 😎 HP[+24]
Your hp is fully restored (38).
You see here a +0 dagger {short}.
Things that are here:
a +0 club {mace}; a goblin skeleton
Items here: ! ) [[.
Things that are here:
a +0 club {mace}; a hobgoblin skeleton
Things that are here:
a +0 club {mace}; a goblin skeleton
There is a stone staircase leading down here.
You now have 57 gold pieces (gained 6).
You open the door.
A goblin comes into view. It is wielding a +0 club.
A goblin is nearby!
A goblin is nearby!
A goblin is nearby!
You shoot a bolt. The bolt hits the goblin.
You kill the goblin!
No target in view!
No target in view!
No target in view!
No target in view!
No target in view!
No target in view!
There is an open door here.
Things that are here:
a +0 club {mace}; a goblin corpse
g - 3 scrolls of identify {@r1} (gained 1)
c - 54 stones {throwing} (gained 22)
i - a scroll labelled WADOLE TOXZELOTWIO No target in view!
As you read the scroll of identify {@r1}, it crumbles to dust.
i - a scroll of enchant weapon Sigmund the Dreaded comes into view.
He is wielding a +3 scythe of flaming.
You shoot a bolt. The bolt hits Sigmund!
Sigmund shouts!
You shoot a bolt. The bolt closely misses Sigmund.
You shoot a bolt. The bolt hits Sigmund.
Sigmund casts a spell at you. The puff of flame misses you.
Sigmund says, "Don't worry, I'll kill you fast."
You shoot a bolt.
The bolt hits Sigmund but does no damage.
Sigmund mumbles some strange words.
Sigmund flickers and vanishes!
Deactivating autopickup; reactivate with Ctrl-A.
No target in view!
Shoot: a) +1 hand crossbow {crossbow}
Press: ? - help, Q - select action, (/) - cycle Shift-Dir - straight line You shoot a bolt.
Shoot: a) +1 hand crossbow {crossbow}
Press: ? - help, Q - select action, (/) - cycle Shift-Dir - straight line You shoot a bolt.
Something hits you! Something burns you. 😮 HP[-15]
You take 15 damage, and now have 23/38 hp.
MASSIVE DAMAGE!! (PAUSE) Shoot: a) +1 hand crossbow {crossbow}
Press: ? - help, Q - select action, (/) - cycle Shift-Dir - straight line You shoot a bolt.
Something hits you!
* * * LOW HITPOINT WARNING * * *
Something burns you.
* * * LOW HITPOINT WARNING * * *
😨 HP[-12]
You take 12 damage, and now have 11/38 hp.
MASSIVE DAMAGE!! (PAUSE)
As you read the scroll of fog, it crumbles to dust.
The scroll dissolves into smoke.
Something hits you!
You die...

Skill      XL: |  1  2  3 |
---------------+----------+-----
Fighting       | 3 4 |  4.6
Crossbows      | |  3.2
Dodging        | |  1.5
Stealth        | |  0.7

Action                   |  1- 3 |  4- 6 || total
-------------------------+-------+-------++-------
 Fire: Hand crossbow     |    88 |    41 ||   129
  Use: Scroll            |     5 |     2 ||     7
Armor: Leather armour    |    17 |    10 ||    27
Dodge: Dodged            |    30 |    29 ||    59

Levels and vault maps discovered:
D:1:      scummos_arrival_forest, layout_basic,
          hellmonk_ecumenical_altar_leap_of_faith
D:2:      layout_basic, serial_bayou_lagoon_a, minmay_shallow_snake_nest,
          uniq_robin, uniq_sigmund

Notes
Turn   | Place    | Note
-------+----------+-------------------------------------------
     0 | D:1      | spaghetti the Mummy Hunter began the quest for the Orb.
     0 | D:1      | Reached XP level 1. HP: 16/16 MP: 1/1
     0 | D:1      | magus.rc [v1.9.6]
   175 | D:1      | Found a faded altar of an unknown god.
   198 | D:1      | Reached XP level 2. HP: 23/23 MP: 2/2
   229 | D:1      | Reached skill level 3 in Fighting
   404 | D:1      | Gained mutation: You are in touch with the powers of death.
                  | [Mummy growth]
   404 | D:1      | Reached XP level 3. HP: 28/29 MP: 3/3
  1091 | D:2      | Reached skill level 4 in Fighting
  1244 | D:2      | Reached XP level 4. HP: 38/38 MP: 4/4
  1244 | D:2      | Noticed Robin
  1263 | D:2      | Killed Robin
  1550 | D:2      | Noticed Sigmund
  1558 | D:2      | Slain by Sigmund

Vanquished Creatures
  Robin (D:2)
  2 adders (D:2)
  3 dart slugs (D:1)
  7 ball pythons
  3 endoplasms (D:1)
  10 goblins
  7 hobgoblins
  4 jackals
  A quokka (D:1)
  6 bats
  A frilled lizard (D:1)
  3 kobolds (D:1)
  2 rats (D:2)
50 creatures vanquished.

Vanquished Creatures (others)
  3 fungi (D:2)
  51 plants (D:2)
54 creatures vanquished.

Grand Total: 104 creatures vanquished

Table legend:
 A = Non-vault XP
 B = Vault XP
 C = Vault XP percentage of total XP
 D = Non-vault monster count
 E = Vault monster count
 F = Vault count percentage of total count
                 A         B        C        D         E       F
            +---------+---------+-------+---------+---------+-------
      Total |      81 |      48 |  37.2 |      36 |      14 |  28.0
            +---------+---------+-------+---------+---------+-------
        D:1 |      52 |       0 |   0.0 |      26 |       0 |   0.0
        D:2 |      29 |      48 |  62.3 |      10 |      14 |  58.3
            +---------+---------+-------+---------+---------+-------

Illustrated notes

Table legend:
 A = Kills in this place as a percentage of kills in entire the game.
 B = Kills by you in this place as a percentage of kills by you in the entire game.
 C = Kills by friends in this place as a percentage of kills by friends in the entire game.
 D = Other kills in this place as a percentage of other kills in the entire game.
 E = Experience gained in this place as a percentage of experience gained in the entire game.
 F = Experience gained in this place divided by the number of levels of this place that you have seen.
                   A       B       C       D       E      F
               +-------+-------+-------+-------+-------+----------------------
         Total | 100.0 | 100.0 |   N/A |   N/A | 100.0 |  64.5
       Dungeon | 100.0 | 100.0 |   N/A |   N/A | 100.0 |  64.5
               +-------+-------+-------+-------+-------+----------------------

Table legend: (Time is in decaauts)
 A = Elapsed time spent in this place.
 B = Non-inter-level travel time spent in this place.
 C = Inter-level travel time spent in this place.
 D = Time resting spent in this place.
 E = Time spent auto-exploring this place.
 F = Levels seen in this place.
 G = Mean time per level.
                   A        B        C        D        E       F      G
               +--------+--------+--------+--------+--------+-----+--------+
         Total |   1606 |   1573 |     33 |    283 |   1014 |   2 |  803.0 |
       Dungeon |   1606 |   1573 |     33 |    283 |   1014 |   2 |  803.0 |
               +--------+--------+--------+--------+--------+-----+--------+

Top non-repeatable levels by time:
     D:2: 869 daAuts
     D:1: 736 daAuts
